Map: Curious Minds LE

Players

Warthog - Winner!

  • Race: Terran Terran
  • League: Diamond
  • Spawn Location: 11:00

patal

  • Race: Terran Terran
  • League: Diamond
  • Spawn Location: 5:00

VOD

Have the link to the VOD?

Description

Time

  • Played on: Nov. 16, 2021, 5:01 p.m.
  • Length: 14:57
Show
View Real Time Build Order
Export as new Build Order

Warthog Terran - Winner!

Build Orders:  

Get SALT Encoding   

  12  0:00  SCV  
  13  0:13  SCV  
  14  0:17  Supply Depot  
  14  0:25  SCV  
  15  0:39  SCV  
  15  0:40  Barracks  
  16  0:43  Refinery  
  16  0:51  SCV  
  17  0:58  Refinery  
  17  1:03  SCV  
  18  1:15  SCV  
  19  1:28  Reaper, Orbital Command  
  20  1:43  Factory  
  20  1:50  Supply Depot  
  20  1:55  SCV  
  20  2:00  Reaper  
  22  2:08  SCV  
  23  2:20  SCV  
  24  2:23  Command Center  
  24  2:29  Hellion  
  26  2:32  SCV  
  26  2:34  Reaper  
  28  2:43  Supply Depot  
  28  2:44  SCV  
  28  2:51  Hellion  
  31  3:04  SCV  
  32  3:13  Factory Tech Lab  
  32  3:14  Barracks Reactor  
  32  3:16  SCV  
  33  3:24  Starport  
  33  3:28  SCV  
  33  3:33  Cyclone  
  37  3:36  Orbital Command  
  37  3:48  SCV  
  36  4:00  SCV  
  36  4:01  Orbital Command  
  36  4:11  Starport Reactor  
  36  4:18  Barracks  
  36  4:19  Barracks, Factory Tech Lab  
  36  4:22  SCV  
  37  4:32  SCV  
  37  4:34  SCV  
  37  4:36  Stimpack, Marine  
  40  4:39  Siege Tank  
  40  4:44  SCV  
  44  4:47  SCV  
  44  4:51  Supply Depot  
  45  4:54  Command Center  
  45  4:58  SCV  
  45  4:59  SCV, Viking x2  
  51  5:03  Marine  
  52  5:10  Supply Depot, SCV  
  53  5:18  Marine x2  
  53  5:20  Siege Tank, Marine  
  59  5:24  Barracks Reactor  
  59  5:34  SCV  
  60  5:35  Viking  
  60  5:36  Marine x2  
  60  5:37  SCV  
  60  5:38  Marine  
  66  5:43  Engineering Bay  
  66  5:44  Engineering Bay  
  66  5:46  SCV  
  66  5:49  SCV  
  68  5:50  Refinery  
  68  5:51  Refinery  
  68  5:52  Supply Depot  
  68  5:54  Marine x2  
  70  5:57  Supply Depot  
  70  6:06  SCV  
  70  6:07  SCV  
  72  6:18  Siege Tank  
  72  6:19  Viking, Orbital Command  
  72  6:24  SCV  
  78  6:26  SCV  
  78  6:27  Terran Infantry Weapons Level 1  
  78  6:29  Combat Shield  
  79  6:36  SCV  
  79  6:38  SCV  
  81  6:42  Barracks  
  81  6:45  Barracks  
  81  6:47  Marine x3  
  81  6:48  SCV  
  81  6:50  Siege Tank  
  88  7:07  Marine x4  
  92  7:17  Marine  
  89  7:26  Viking x2, Siege Tank  
  89  7:27  Marine x2  
  89  7:28  Marine  
  90  7:35  SCV x2  
  92  7:42  Orbital Command  
  92  7:43  Terran Infantry Armor Level 1  
  92  7:46  Supply Depot x2, Armory  
  92  8:09  SCV x2  
  92  8:10  SCV  
  92  8:12  Refinery  
  95  8:13  Refinery  
  95  8:14  Supply Depot, Marine x2  
  95  8:15  Barracks Tech Lab, Marauder  
  95  8:16  Barracks Reactor x2  
  95  8:17  Marine  
  95  8:18  Marine  
  95  8:19  Medivac x2, Siege Tank  
  108  8:29  Factory  
  108  8:36  SCV  
  108  8:38  SCV  
  109  9:00  Medivac x2  
  109  9:01  Siege Tank, Marine  
  109  9:02  Marine x6  
  125  9:03  Marine  
  125  9:04  Terran Infantry Weapons Level 2, Marine  
  125  9:05  Terran Vehicle Weapons Level 1  
  125  9:06  Supply Depot  
  125  9:09  Supply Depot  
  125  9:11  Supply Depot  
  125  9:16  Factory Tech Lab  
  125  9:18  SCV x2  
  125  9:19  Marine x3  
  125  9:21  Command Center  
  125  9:22  Marine x2  
  131  9:30  Medivac  
  133  9:33  Siege Tank  
  133  9:35  SCV  
  133  9:36  SCV x2  
  139  9:42  Supply Depot x2  
  139  9:43  Terran Infantry Armor Level 2  
  139  9:48  SCV x3  
  142  9:53  Marine x9  
  149  10:00  SCV x3  
  150  10:09  Supply Depot  
  150  10:11  Supply Depot, Marine  
  150  10:12  SCV x2  
  153  10:18  Barracks x2  
  153  10:19  Barracks  
  153  10:24  Marine  
  153  10:25  Siege Tank, Marine x7  
  153  10:26  Medivac  
  153  10:27  Widow Mine  
  168  10:29  Marine  
  168  10:34  Supply Depot, Planetary Fortress  
  169  10:40  Missile Turret  
  169  10:42  Marine  
  165  11:01  Marine  
  165  11:02  Siege Tank  
  165  11:03  Medivac, Marine x7  
  165  11:04  Marine  
  179  11:14  Siege Tank  
  179  11:17  Barracks Reactor  
  179  11:18  Barracks Reactor  
  182  11:19  Marine  
  182  11:21  Marine x7  
  173  11:48  Siege Tank, Marine x2  
  173  11:49  Medivac, Marine  
  179  11:58  Marine x3  
  178  12:04  Marine x7  
  178  12:05  Siege Tank, Marine  
  178  12:06  Marine  
  178  12:07  Marine  
  170  12:15  Marine  
  170  12:16  Marine  
  170  12:17  Barracks Reactor, Medivac  
  170  12:18  Marine  
  170  12:19  Medivac  
  170  12:21  Siege Tank, Marine  
  170  12:22  Marine  
  152  12:36  Command Center  
  152  12:37  Siege Tank  
  155  12:50  Barracks Reactor  
  150  12:53  Siege Tank  
  152  13:05  Medivac, Marine x11  
  148  13:06  Marine x2  
  148  13:09  Siege Tank  
  163  13:23  Marine x13  
  163  13:25  Siege Tank  
  179  13:28  Medivac  
  181  13:35  Medivac  
  181  13:41  Marine x13  
  184  13:44  Siege Tank  
  196  13:58  Medivac, Marine  
  196  13:59  Marine x2  
Show
View Real Time Build Order
Export as new Build Order

patal Terran 

Build Orders:  

Get SALT Encoding   

  12  0:00  SCV  
  13  0:12  SCV  
  14  0:19  Supply Depot  
  14  0:24  SCV  
  15  0:41  SCV  
  15  0:42  Barracks  
  16  0:44  Refinery  
  16  0:53  SCV  
  17  1:03  Barracks  
  17  1:05  SCV  
  18  1:19  SCV  
  19  1:32  Reaper  
  20  1:33  Orbital Command  
  20  1:50  Reaper  
  21  1:59  SCV  
  22  2:03  Command Center  
  22  2:10  Reaper  
  22  2:12  Refinery  
  22  2:15  Supply Depot  
  23  2:27  Barracks Tech Lab  
  23  2:37  SCV  
  24  2:43  Barracks Reactor  
  23  2:50  Marauder  
  25  2:53  SCV  
  26  3:05  SCV  
  27  3:15  SCV, Marauder  
  30  3:21  Factory  
  30  3:28  Orbital Command  
  30  3:31  Marine x2  
  32  3:35  SCV  
  32  3:39  Marauder  
  35  3:47  SCV  
  33  3:57  SCV  
  33  3:59  SCV  
  33  4:00  Marine x2  
  33  4:01  Marauder  
  39  4:07  Factory Tech Lab  
  39  4:09  SCV  
  40  4:11  Starport  
  40  4:18  SCV  
  40  4:19  Marine x2  
  40  4:22  Refinery, SCV  
  44  4:24  Refinery  
  44  4:30  SCV  
  45  4:39  Supply Depot, SCV  
  45  4:44  Stimpack  
  46  4:56  Starport Reactor  
  46  5:00  SCV x2, Siege Tank, Marine x3  
  46  5:04  Supply Depot  
  54  5:26  SCV x2  
  54  5:27  Starport  
  56  5:32  Marine x3  
  56  5:33  Command Center  
  59  5:38  SCV  
  59  5:40  Medivac  
  62  5:43  Supply Depot x2  
  62  5:51  Engineering Bay  
  62  5:53  Armory  
  62  6:05  SCV x2, Medivac, Siege Tank  
  69  6:14  Marine x3  
  70  6:27  Viking, Starport Reactor  
  70  6:28  SCV  
  75  6:32  Marauder  
  75  6:34  SCV  
  75  6:35  Marine  
  75  6:36  Marine  
  78  6:44  SCV  
  79  6:47  Terran Infantry Weapons Level 1  
  79  6:49  Supply Depot x2, Refinery  
  79  6:51  Engineering Bay, Refinery, Terran Vehicle Weapons Level 1  
  79  6:52  Siege Tank  
  82  7:08  Marine x3  
  85  7:10  Viking  
  85  7:11  Viking x2  
  64  7:25  Marine x2  
  64  7:26  Marine  
  57  7:30  SCV x2  
  57  7:36  Viking  
  61  7:42  SCV  
  61  7:43  SCV, Marine x2  
  67  7:44  Marauder  
  67  7:45  Orbital Command  
  67  7:51  Viking x2  
  67  7:52  Viking  
  67  7:58  SCV x2  
  75  8:06  Marine x3  
  75  8:07  Siege Tank  
  75  8:10  SCV  
  82  8:14  SCV, Viking  
  82  8:19  SCV  
  86  8:22  SCV  
  87  8:33  SCV x2  
  89  8:34  Marine x3  
  89  8:40  Siege Tank  
  94  8:44  SCV  
  94  8:45  SCV x2  
  97  8:48  Sensor Tower  
  97  8:58  Viking x2  
  97  8:59  Viking  
  97  9:00  Medivac, Marine x2  
  97  9:01  Marine  
  108  9:05  SCV  
  109  9:10  Factory  
  109  9:12  Factory  
  109  9:28  Supply Depot, Terran Infantry Weapons Level 2  
  109  9:30  Supply Depot, Terran Infantry Armor Level 1  
  109  9:46  SCV  
  109  9:49  SCV x2, Siege Tank, Marine x3  
  117  9:53  Liberator x2  
  117  9:57  Liberator  
  125  10:03  SCV  
  125  10:10  Supply Depot  
  125  10:11  Supply Depot  
  125  10:18  Factory Tech Lab  
  125  10:19  Factory Tech Lab  
  125  10:26  Command Center  
  125  10:27  Terran Vehicle Weapons Level 2  
  125  10:28  SCV x3, Sensor Tower  
  131  10:30  Marine x2  
  131  10:32  Siege Tank  
  136  10:36  Medivac, Marine  
  136  10:37  Medivac x2  
  136  10:40  SCV x3  
  143  10:48  Marine  
  141  10:51  Marine  
  141  10:52  SCV x2  
  141  10:55  Marauder  
  146  11:00  Siege Tank  
  149  11:10  Marine  
  149  11:13  Marine  
  144  11:18  Liberator  
  144  11:19  Liberator  
  144  11:21  Liberator  
  142  11:27  Marine  
  142  11:28  Marine  
  142  11:31  Marine  
  136  11:36  SCV x3  
  134  11:43  Viking  
  133  11:47  Marine  
  127  12:01  Marine x2  
  127  12:05  Marine  
  120  12:18  Liberator  
  120  12:19  Siege Tank, Marine x2  
  115  12:24  Marine  
  114  12:37  Marine x2  
  114  12:42  Marine  
  117  12:45  Refinery  
  102  12:51  Siege Tank  
  102  12:52  Command Center  
  102  12:55  Marine x2  
  82  13:00  Marine  
  69  13:05  Liberator  
  69  13:11  SCV  
  73  13:13  Marine x2  
  73  13:18  Marine  
  76  13:22  SCV  
  76  13:23  Siege Tank  
  80  13:30  Marine x2  
  82  13:36  Marine  
  83  13:48  Liberator, SCV x2, Marine, Command Center  
  83  13:54  Marine x2  
  90  13:55  Siege Tank  
  90  14:00  SCV  
Tags
 
Add a new tag
Caveats
  • Supply blocks, unpowered buildings, or Contaminate may cause inaccurate times.
  • Supply counts are checked every 10 seconds.